 Dungeon Crawl Stone Soup version 0.21.0-34-g9234887 (webtiles) character file.

11612 pk666 the Warrior (level 11, 0/168 HPs)
             Began as a Minotaur Berserker on Jan 29, 2018.
             Was the Champion of Trog.
             Slain by an orc warrior
             ... wielding a +0 glaive
              (9 damage)
             ... in a bailey.
             The game lasted 00:33:13 (9588 turns).

pk666 the Warrior (Minotaur Berserker)              Turns: 9588, Time: 00:33:14

Health: 0/168      AC: 17    Str: 32    XL:     11   Next: 51%
Magic:  3/3        EV:  8    Int:  4    God:    Trog [******]
Gold:   775        SH:  0    Dex: 11    Spells: 10/10 levels left

rFire    . . .     SeeInvis .   u - +1 executioner's axe (antimagic)
rCold    . . .     Gourm    .   (shield currently unavailable)
rNeg     . . .     Faith    +   z - +3 plate armour {MR+}
rPois    +         Spirit   .   (helmet restricted)
rElec    .         Reflect  .   (no cloak)
rCorr    .         Harm     .   G - +2 pair of gloves
MR       +....                  (no boots)
Stlth    ..........             s - amulet of faith
HPRegen  0.38/turn              E - ring of poison resistance
MPRegen  0.08/turn              J - +3 ring of strength

@: berserking, very quick
A: retaliatory headbutt, horns 2
a: Berserk, Trog's Hand, Brothers in Arms, Burn Spellbooks, Renounce Religion


You were in a bailey.
You worshipped Trog.
Trog was exalted by your worship.
You were hungry.

You visited 1 branch of the dungeon, and saw 12 of its levels.
You also visited: Ossuary and Bailey.

You collected 929 gold pieces.
You spent 154 gold pieces at shops.

Inventory:

Hand Weapons
 a - a +5 battleaxe of freezing
 b - a +0 blowgun
 u - a +1 antimagic executioner's axe (weapon)
 y - a +0 broad axe
 I - a +4 broad axe
 O - the +8 battleaxe of Tomorrow {vamp, Stlth+}
   (You found it on level 10 of the Dungeon)

   It inflicts no extra harm, but heals its wielder when it wounds a living foe.
   It makes you more stealthy.
Missiles
 t - 3 curare-tipped needles
Armour
 n - a +3 scale mail
 w - a +1 ring mail of fire resistance
 z - a +3 plate armour of magic resistance (worn)
 G - a +2 pair of gloves (worn)
Jewellery
 s - an amulet of faith (around neck)
 E - a ring of poison resistance (left hand)
 F - an uncursed amulet of the gourmand {unknown}
 J - a +3 ring of strength (right hand)
 R - an uncursed ring of resist corrosion
Wands
 p - a wand of random effects (57)
 x - a wand of digging (28)
 A - a wand of polymorph (16)
 D - a wand of acid (7)
 M - a wand of disintegration (36)
 P - a wand of iceblast (10)
Scrolls
 e - a scroll of blinking
 h - 6 scrolls of teleportation
 i - 2 scrolls of fog
 l - 13 scrolls of identify
 r - 3 scrolls of remove curse
 H - a scroll of enchant weapon {unknown}
 K - 2 scrolls of magic mapping {unknown}
 Q - a scroll of vulnerability {unknown}
Potions
 d - 3 potions of mutation {unknown}
 f - 9 potions of curing
 g - 3 potions of heal wounds {unknown}
 j - 4 potions of brilliance {unknown}
 k - 2 potions of haste {unknown}
 m - 2 potions of might {unknown}
 o - 2 potions of agility
 q - 3 potions of flight
 v - 2 potions of cancellation {unknown}
 B - a potion of ambrosia {unknown}
 C - a potion of magic {unknown}
Comestibles
 c - 19 rations


   Skills:
 + Level 15.1 Fighting
 + Level 15.1 Axes
 - Level 2.4 Armour
 - Level 2.1 Dodging


You had 10 spell levels left.
You didn't know any spells.

Dungeon Overview and Level Annotations

Branches:
Dungeon (12/15)            Temple (0/1) D:5            Lair (0/6) D:8
    Orc (0/2) D:9

Altars:
Cheibriados
Dithmenos
Elyvilon
Kikubaaqudgha
Makhleb
Nemelex Xobeh
Qazlal
Ru
Sif Muna
Xom
Yredelemnul
Zin

Shops:
D:4 %*   D:6 =**


Innate Abilities, Weirdness & Mutations

You reflexively headbutt those who attack you in melee.
You have a pair of horns on your head.


Message History

The orc closely misses you.
You slice the orc warrior like a ripe choko!!!
You kill the orc warrior!
Trog accepts your kill.
The orc warrior hits you from afar with a trident!
* * * LOW HITPOINT WARNING * * *
The orc warrior hits you but does no damage.
The orc completely misses you.
The orc warrior hits you but does no damage.
Items here: )) [ † a glaive; a ring mail; a hand axe; an orc corpse You slice the orc warrior like a ripe choko!!!
You kill the orc warrior!
Trog accepts your kill.
You slice the orc!!
You feel the power of Trog in you as your rage grows.
You kill the orc!
Trog accepts your kill.
The orc warrior hits you from afar with a glaive!
You die...

#.......#
##.....##
###'###
#...#
#...#
#...#
#...#
###'###
#)@)).#
#.))))..#
#..o....#
#.......#
#.......#
#.......#
##.....##
##'''##


You could see an orc warrior.

Vanquished Creatures
  The ghost of Zorot the Ruffian, a novice TrMo of Cheibriados (D:7)
  An unseen horror (D:11)
  A manticore (D:7)
  An ugly thing (D:7)
  A troll (D:9)
  Prince Ribbit (D:9)
  A hippogriff (D:11)
  A wyvern (D:8)
  15 yaks
  2 hungry ghosts
  The ghost of wojtek the Grave Robber, an amateur DsNe (D:3)
  3 porcupines (D:8)
  Duvessa (D:7)
  9 orc warriors
  3 sky beasts
  2 phantoms (D:9)
  4 ogres
  2 necrophages
  2 centaurs
  5 crocodiles
  An elf zombie (Ossuary)
  4 big kobolds
  6 bullfrogs
  A gnoll sergeant (D:6)
  5 scorpions
  Dowan (D:7)
  10 killer bees
  3 wights (D:6)
  3 howler monkeys
  4 crimson imps
  3 human zombies (Ossuary)
  2 quasits
  4 hounds
  6 orc priests
  A jelly (D:5)
  Crazy Yiuf (D:5)
  4 bullfrog skeletons
  Ijyb (D:3)
  4 iguanas
  10 worker ants
  10 orc wizards
  6 ogre zombies (D:9)
  4 mummies (Ossuary)
  2 worker ant zombies
  A howler monkey skeleton (D:8)
  3 gnolls (D:6)
  14 adders
  2 shadow imps (D:7)
  2 adder zombies
  2 oozes
  An adder skeleton (D:7)
  5 worms
  4 leopard geckos
  63 orcs
  4 giant cockroaches
  A gnoll zombie (Ossuary)
  8 goblins
  3 hobgoblins
  14 jackals
  27 kobolds
  2 quokkas (D:4)
  A ball python (D:2)
  9 bats
  5 frilled lizards
  3 goblin zombies
  5 hobgoblin zombies
  A kobold zombie (Ossuary)
  2 orc skeletons (D:9)
  13 orc zombies
  5 rats (D:1)
  A rat zombie (Ossuary)
354 creatures vanquished.

Vanquished Creatures (others)
  3 plants (D:8)
3 creatures vanquished.

Grand Total: 357 creatures vanquished

Notes
Turn   | Place    | Note
-------+----------+-------------------------------------------
     0 | D:1      | pk666 the Minotaur Berserker began the quest for the Orb.
     0 | D:1      | Reached XP level 1. HP: 19/19 MP: 0/0
   265 | D:1      | Reached XP level 2. HP: 27/27 MP: 1/1
   953 | D:2      | Reached XP level 3. HP: 23/34 MP: 2/2
   980 | D:2      | Reached ** piety under Trog
  1162 | D:2      | Reached XP level 4. HP: 29/41 MP: 3/3
  1187 | D:2      | Reached skill level 5 in Fighting
  1187 | D:2      | Reached skill level 5 in Axes
  1702 | D:3      | Noticed wojtek's ghost (amateur DsNe)
  1712 | D:3      | Killed wojtek's ghost
  1712 | D:3      | Reached XP level 5. HP: 22/50 MP: 4/4
  2130 | D:3      | Found a sparkling altar of Nemelex Xobeh.
  2408 | D:3      | Noticed Ijyb
  2416 | D:3      | Killed Ijyb
  2416 | D:3      | Reached XP level 6. HP: 58/58 MP: 5/5
  2854 | D:4      | Reached *** piety under Trog
  2975 | D:4      | Found Dykul's Food Shop.
  3095 | D:4      | Found Agefed Wuu's General Store.
  3098 | D:4      | Bought a potion of agility for 56 gold pieces
  3098 | D:4      | Bought a scroll of identify for 28 gold pieces
  3171 | D:4      | Reached XP level 7. HP: 66/66 MP: 6/6
  3294 | D:5      | Entered Level 5 of the Dungeon
  3647 | D:5      | Found a runed door.
  3737 | D:5      | Found an ancient bone altar of Kikubaaqudgha.
  3764 | D:5      | Reached XP level 8. HP: 69/75 MP: 7/7
  3876 | D:5      | Found a shimmering altar of Xom.
  3961 | D:5      | Found a staircase to the Ecumenical Temple.
  4042 | D:5      | Found a sparkling altar of Nemelex Xobeh.
  4228 | D:5      | Noticed Crazy Yiuf
  4237 | D:5      | Killed Crazy Yiuf
  4307 | D:6      | Found a sacrificial altar of Ru.
  4350 | D:6      | Found a sand-covered staircase.
  4355 | Ossuary  | Entered an ossuary
  4365 | Ossuary  | Reached **** piety under Trog
  4850 | D:6      | Reached skill level 10 in Fighting
  4850 | D:6      | Reached skill level 10 in Axes
  5021 | D:6      | Found Debaufemp's Antique Weapon Boutique.
  5232 | D:6      | Reached XP level 9. HP: 80/86 MP: 8/8
  5259 | D:6      | Found Xeew's Jewellery Shop.
  5330 | D:6      | Found Ginetuebb's General Store.
  5333 | D:6      | Bought 2 scrolls of identify for 40 gold pieces
  5333 | D:6      | Bought a potion of curing for 30 gold pieces
  5424 | D:6      | Found Tuabbecw's Assorted Antiques.
  5495 | D:7      | Noticed Duvessa
  5495 | D:7      | Noticed Dowan
  5498 | D:7      | Killed Dowan
  5501 | D:7      | Killed Duvessa
  5671 | D:7      | Found a shadowy altar of Dithmenos.
  5718 | D:7      | Reached ***** piety under Trog
  5733 | D:7      | Found a burning altar of Makhleb.
  5739 | D:7      | Found a glowing silver altar of Zin.
  5739 | D:7      | Noticed a green death
  5739 | D:7      | Noticed an angel
  5775 | D:7      | Noticed Zorot's ghost (novice TrMo)
  5787 | D:7      | Killed Zorot's ghost
  6176 | D:7      | Noticed a purple ugly thing
  6178 | D:7      | Noticed a manticore
  6184 | D:7      | Killed a purple ugly thing
  6191 | D:7      | Killed a manticore
  6191 | D:7      | Reached XP level 10. HP: 39/99 MP: 9/9
  6467 | D:7      | Found a white marble altar of Elyvilon.
  6813 | D:8      | Found a staircase to the Lair.
  7603 | D:9      | Found a basalt altar of Yredelemnul.
  7649 | D:9      | Found a staircase to the Orcish Mines.
  7651 | D:9      | Received a gift from Trog
  7797 | D:9      | Reached ****** piety under Trog
  7835 | D:9      | Noticed Prince Ribbit
  7841 | D:9      | Killed Prince Ribbit
  8005 | D:9      | Found a deep blue altar of Sif Muna.
  8012 | D:9      | Found a snail-covered altar of Cheibriados.
  8014 | D:9      | Found a stormy altar of Qazlal.
  8260 | D:10     | Entered Level 10 of the Dungeon
  8739 | D:10     | Got a jewelled battleaxe
  8745 | D:10     | Identified the +8 battleaxe of Tomorrow {vamp, Stlth+} (You found it on level 10 of the Dungeon)
  8828 | D:11     | Reached XP level 11. HP: 108/110 MP: 10/10
  8855 | D:11     | Killed an unseen horror
  9187 | D:11     | Found a flagged portal.
  9216 | D:11     | Reached skill level 15 in Fighting
  9218 | D:11     | Reached skill level 15 in Axes
  9389 | Bailey   | Entered a bailey
  9404 | Bailey   | Received a gift from Trog
  9588 | Bailey   | Slain by an orc warrior

Skill      XL: |  1  2  3  4  5  6  7  8  9 10 11 |
---------------+----------------------------------+-----
Fighting       | 4 6 7 8 10 12 14 15 | 15.1
Axes           | 4 6 7 8 10 12 14 15 | 15.1
Armour         | |  2.4
Dodging        | |  2.1

Action                   |  1- 3 |  4- 6 |  7- 9 | 10-12 || total
-------------------------+-------+-------+-------+-------++-------
Melee: Hand axe          |    52 |   118 |   111 |       ||   281
       Headbutt          |    11 |    23 |    58 |    63 ||   155
       Broad axe         |       |       |    35 |       ||    35
       Battleaxe         |       |       |   102 |   324 ||   426
       Executioner's axe |       |       |       |     9 ||     9
 Fire: Blowgun           |       |     9 |       |       ||     9
Invok: Berserk           |       |       |     3 |     3 ||     6
       Burn Spellbooks   |       |       |       |     2 ||     2
  Use: Potion            |       |       |     1 |       ||     1
       Scroll            |       |       |    11 |     1 ||    12
 Stab: Distracted        |       |       |       |     1 ||     1
  Eat: Chunk             |       |     7 |    10 |    11 ||    28
       Ration            |       |       |     1 |     2 ||     3
Armor: Animal skin       |     5 |       |       |       ||     5
       Ring mail         |    22 |     9 |       |       ||    31
       Scale mail        |       |    47 |       |       ||    47
       Plate armour      |       |       |   137 |   219 ||   356
Dodge: Dodged            |    23 |    46 |    76 |   123 ||   268
